 Dungeon Crawl Stone Soup version 0.20.1-1-g8b1a95d66d (webtiles) character file.

3157 Hvezdomuz the Magician (level 9, -6/68 HPs)
             Began as a White Draconian Enchanter on Dec 2, 2017.
             Was a Believer of Fedhas.
             Killed by divine providence
             ... invoked by an orc priest
              (12 damage)
             ... on level 8 of the Dungeon.
             The game lasted 01:15:19 (8661 turns).

Hvezdomuz the Magician (White Draconian Enchanter)  Turns: 8661, Time: 01:15:19

Health: -6/68      AC:  9    Str: 10    XL:     9   Next: 62%
Magic:  19/19      EV: 14    Int: 17    God:    Fedhas [**....]
Gold:   353        SH:  0    Dex: 14    Spells: 10/22 levels left

rFire    + + .     SeeInvis .   e - +4 dagger
rCold    + . .     Gourm    .   (no shield)
rNeg     . . .     Faith    .   (armour unavailable)
rPois    .         Spirit   .   q - +2 hat
rElec    .         Reflect  .   l - scarf {rC+ rF+}
rCorr    .         Harm     .   (no gloves)
MR       +....     Clarity  +   (no boots)
Stlth    +++.......             (no amulet)
Regen    0.3/turn               v - ring of protection from magic
MPRegen  0.2/turn               p - ring of fire

@: no status effects
A: breathe frost, unfitting armour, clarity, cold resistance 1, wild magic 1,
cold-blooded, MP-powered wands, AC +7
a: Breathe Frost, Fungal Bloom, Evolution, Sunlight, Renounce Religion


You were on level 8 of the Dungeon.
You worshipped Fedhas.
Fedhas was pleased with you.
You were near starving.

You visited 2 branches of the dungeon, and saw 9 of its levels.

You collected 353 gold pieces.

Inventory:

Hand Weapons
 a - a +1 dagger
 e - a +4 dagger (weapon)
 z - a +1 flail of protection
 C - a cursed -3 spear
 E - a +0 hand axe of electrocution
Missiles
 i - 3 tomahawks of returning (quivered)
 k - a throwing net
 H - 10 poisoned needles
Armour
 f - a scarf of cloud immunity
 l - a scarf of resistance (worn)
 q - a +2 hat (worn)
Jewellery
 p - a ring of fire (right hand)
 v - a ring of protection from magic (left hand)
 x - a cursed ring of loudness {unknown}
Wands
 h - a wand of random effects (21/48)
 D - a wand of random effects (37/48)
Scrolls
 d - a scroll of recharging
 j - a scroll of enchant armour {unknown}
 r - 3 scrolls of remove curse
 t - 2 scrolls of amnesia
 u - a scroll of enchant weapon {unknown}
 y - a scroll of blinking {unknown}
Potions
 g - a potion of ambrosia
 n - 2 potions of degeneration
 w - 2 potions of magic
Books
 b - a book of Maledictions

   Spells                             Type                      Level
   a - Corona                         Hexes                        1
   b - Ensorcelled Hibernation        Hexes/Ice                    2
   c - Confuse                        Hexes                        3
   d - Tukima's Dance                 Hexes                        3
   e - Dazzling Spray                 Conjuration/Hexes            3
 o - a book of Minor Magic

   Spells                             Type                      Level
   a - Magic Dart                     Conjuration                  1
   b - Blink                          Translocation                2
   c - Call Imp                       Summoning                    2
   d - Slow                           Hexes                        2
   e - Conjure Flame                  Conjuration/Fire             3
   f - Mephitic Cloud                 Conjuration/Poison/Air       3
Comestibles
 c - 2 bread rations
 m - 6 fruits
 s - 2 royal jellies
 G - a meat ration


   Skills:
 + Level 2.6 Fighting
 + Level 4.7 Short Blades
 + Level 2.7 Throwing
 + Level 4.5 Dodging
 + Level 4.6 Stealth
 + Level 7.1 Spellcasting
 + Level 6.8 Hexes
 + Level 0.2 Ice Magic
 + Level 1.0 Invocations


You had 10 spell levels left.
You knew the following spells:

 Your Spells              Type           Power        Failure   Level  Hunger
a - Corona                Hex            #####..      1%          1    None
b - Ensorcelled Hibernat  Hex/Ice        ###...       7%          2    None
c - Tukima's Dance        Hex            #####...     3%          3    ##.....
d - Slow                  Hex            #####...     2%          2    None
e - Magic Dart            Conj           #...         17%         1    None
f - Dazzling Spray        Conj/Hex       ###...       13%         3    ##.....


Dungeon Overview and Level Annotations

Branches:
Dungeon (8/15)             Temple (1/1) D:7
   Lair: D:8-11

Altars:
Ashenzari
Cheibriados
Dithmenos
Elyvilon
Fedhas
Gozag
Hepliaklqana
Kikubaaqudgha
Makhleb
Nemelex Xobeh
Okawaru
Qazlal
Ru
Sif Muna
Trog
Uskayaw
Vehumet
Xom
Yredelemnul
Zin
The Shining One


Innate Abilities, Weirdness & Mutations

You can breathe waves of freezing cold.
You can buffet flying creatures when you breathe cold.
Your icy white scales are hard. (AC +7)
You cannot fit into any form of body armour.
Your flesh is cold resistant. (rC+)
You are cold-blooded and may be slowed by cold attacks.
You possess an exceptional clarity of mind.
Your spells are a little harder to cast, but a little more powerful.
You expend magic power (3 MP) to strengthen your wands.


Message History

You feel better.
The orc priest mumbles some strange prayers to Beogh against you.
Pain shoots through your body!
* * * LOW HITPOINT WARNING * * *
You see here a water moccasin skeleton.
The orc priest invokes the aid of Beogh against you.
Beogh smites you!
* * * LOW HITPOINT WARNING * * *
Okay, then.
Okay, then.
As you read the scroll of fear, it crumbles to dust.
You assume a fearsome visage.
Nothing appears to happen.
You are near starving!
Things that are here:
a flail; a dagger of electrocution; a whip The orc priest looks satisfied for a moment.
The orc priest calls down the wrath of Beogh upon you.
Beogh smites you!
You die...
Fedhas appreciates your contribution to the ecosystem.

. #######. #.#....
# #....# #. #.#..#
#..#######....###
##..........<....#
........########.#
###.###.@........
#.###)#.#..#####.
#................
#####..#....######
#............#
##....#o####.#
#######)#...>#
#...o........#
#.#####.#.#..#


You could see an orc priest.

Vanquished Creatures
  The ghost of Hvezdomuz the Sneak, a novice DrEn (D:5)
  A wyvern (D:8)
  Sigmund (D:5)
  A hungry ghost (D:7)
  A water moccasin (D:8)
  An orc warrior (D:7)
  4 ogres
  An ice beast (D:6)
  A sky beast (D:6)
  3 centaurs
  2 scorpions (D:5)
  A jelly (D:5)
  3 crimson imps
  4 hounds
  6 orc priests
  2 bullfrog skeletons
  5 orc wizards
  Jessica (D:2)
  2 iguanas
  3 adders
  2 gnolls (D:6)
  An adder skeleton (D:6)
  A dart slug (D:2)
  3 leopard geckos
  18 orcs
  13 giant cockroaches
  6 goblins
  9 hobgoblins
  4 jackals
  3 quokkas
  A ball python (D:4)
  4 bats
  3 frilled lizards
  6 kobolds
  4 rats
  A toadstool (D:3)
123 creatures vanquished.

Vanquished Creatures (collateral kills)
  Edmund (D:5)
  An orc warrior (D:8)
  3 sky beasts
  An ice beast (D:6)
  A phantom (D:7)
  A centaur (D:8)
  A scorpion (D:4)
  A wight (D:7)
  A howler monkey (D:7)
  A crimson imp (D:8)
  4 hounds
  An orc priest (D:4)
  2 orc wizards (D:5)
  A hound zombie (D:5)
  A hound skeleton (D:5)
  5 gnolls
  A shadow imp (D:6)
  A leopard gecko (D:3)
  12 orcs
  A giant cockroach (D:4)
  A goblin (D:3)
  A quokka (D:7)
  2 kobolds (D:3)
  A quokka skeleton (D:6)
46 creatures vanquished.

Vanquished Creatures (others)
  A dancing weapon (D:4)
  A necrophage (D:7)
  9 wandering mushrooms
  111 toadstools
122 creatures vanquished.

Grand Total: 291 creatures vanquished

Notes
Turn   | Place    | Note
-------+----------+-------------------------------------------
     0 | D:1      | Hvezdomuz the Draconian Enchanter began the quest for the Orb.
     0 | D:1      | Reached XP level 1. HP: 14/14 MP: 3/3
   199 | D:1      | Reached XP level 2. HP: 17/20 MP: 5/5
   203 | D:1      | Learned a level 2 spell: Ensorcelled Hibernation
   784 | D:2      | Found a blossoming altar of Fedhas.
   796 | D:2      | Became a worshipper of Fedhas Madash
   957 | D:2      | Reached XP level 3. HP: 26/26 MP: 6/6
   963 | D:2      | Learned a level 3 spell: Tukima's Dance
  1012 | D:2      | Noticed Jessica
  1026 | D:2      | Killed Jessica
  1275 | D:2      | You fall through a shaft!
  1383 | D:3      | HP: 1/26 [bat (1)]
  1392 | D:3      | HP: 1/26 [bat (1)]
  1410 | D:3      | Reached XP level 4. HP: 2/33 MP: 4/7
  1721 | D:3      | Found a sacrificial altar of Ru.
  1738 | D:3      | Reached * piety under Fedhas
  2048 | D:3      | Gained mutation: You expend magic power (3 MP) to strengthen your wands. [potion of mutation]
  2048 | D:3      | Gained mutation: You possess an exceptional clarity of mind. [potion of mutation]
  2048 | D:3      | Gained mutation: Your spells are a little harder to cast, but a little more powerful. [potion of mutation]
  2585 | D:3      | Reached XP level 5. HP: 25/39 MP: 4/9
  2794 | D:3      | Reached skill level 3 in Spellcasting
  3406 | D:4      | Got a shimmering robe
  3590 | D:4      | Reached skill level 1 in Fighting
  3657 | D:4      | Reached XP level 6. HP: 47/47 MP: 5/11
  3671 | D:4      | Learned a level 2 spell: Slow
  4120 | D:5      | Entered Level 5 of the Dungeon
  4215 | D:5      | Learned a level 1 spell: Magic Dart
  4268 | D:5      | Reached skill level 4 in Spellcasting
  4270 | D:5      | Reached ** piety under Fedhas
  4562 | D:5      | Your scales start taking on an icy white colour.
  4562 | D:5      | Reached XP level 7. HP: 25/52 MP: 11/13
  4562 | D:5      | Gained mutation: Your flesh is cold resistant. (rC+) [White Draconian growth]
  4985 | D:5      | Noticed Hvezdomuz's ghost (novice DrEn)
  5474 | D:4      | Reached skill level 1 in Throwing
  5771 | D:5      | Reached skill level 5 in Hexes
  5948 | D:5      | Killed Hvezdomuz's ghost
  5948 | D:5      | Reached skill level 5 in Spellcasting
  5948 | D:5      | Reached XP level 8. HP: 20/61 MP: 3/16
  6157 | D:5      | Noticed Sigmund
  6175 | D:5      | Killed Sigmund
  6224 | D:5      | Noticed Edmund
  6234 | D:5      | Killed Edmund
  6515 | D:6      | Reached skill level 6 in Spellcasting
  7059 | D:6      | Found a shattered altar of Ashenzari.
  7061 | D:6      | Found a deep blue altar of Sif Muna.
  7067 | D:6      | Found a snail-covered altar of Cheibriados.
  7069 | D:6      | Found an opulent altar of Gozag.
  7154 | D:7      | Learned a level 3 spell: Dazzling Spray
  7177 | D:7      | Reached XP level 9. HP: 60/67 MP: 16/18
  7456 | D:7      | Found an opulent altar of Gozag.
  7697 | D:7      | Found a staircase to the Ecumenical Temple.
  7707 | Temple   | Entered the Ecumenical Temple
  8239 | D:8      | Reached skill level 7 in Spellcasting
  8630 | D:8      | Reached skill level 1 in Invocations
  8648 | D:8      | HP: 3/68 [orc priest/divine providence (12)]
  8661 | D:8      | Killed from afar by an orc priest

Skill      XL: |  1  2  3  4  5  6  7  8  9 |
---------------+----------------------------+-----
Stealth        | 3 4 |  4.6
Hexes          | 3 4 5 6 |  6.8
Dodging        | 2 3 4 |  4.5
Short Blades   | 2 3 4 |  4.7
Spellcasting   | 3 4 5 6 7 |  7.1
Fighting       | 1 2 |  2.6
Throwing       | 1 2 |  2.7
Invocations    | 1 |  1.0
Ice Magic      | |  0.2

Action                   |  1- 3 |  4- 6 |  7- 9 || total
-------------------------+-------+-------+-------++-------
Melee: Dagger            |   113 |   185 |   233 ||   531
       Tailslap          |    10 |    23 |    35 ||    68
Throw: Tomahawk          |       |     8 |    57 ||    65
 Cast: Corona            |    20 |    71 |    77 ||   168
       Ensorcelled Hiber |     4 |     3 |     1 ||     8
       Tukima's Dance    |       |     4 |     4 ||     8
       Slow              |       |       |    18 ||    18
       Magic Dart        |       |       |     1 ||     1
Invok: Fungal Bloom      |     7 |    16 |    23 ||    46
       Evolution         |       |     2 |     8 ||    10
       Sunlight          |       |       |     4 ||     4
 Abil: Breathe Frost     |       |       |    13 ||    13
  Use: Potion            |     6 |     1 |     8 ||    15
       Scroll            |     5 |     3 |     6 ||    14
 Stab: Sleeping          |     5 |     6 |     8 ||    19
  Eat: Chunk             |     2 |     2 |     1 ||     5
       Meat ration       |       |     1 |     1 ||     2
       Bread ration      |       |     1 |     2 ||     3
Armor: Skin              |    58 |    64 |    60 ||   182
Dodge: Dodged            |   122 |   122 |   156 ||   400
